 Dungeon Crawl Stone Soup version 0.17-a0-484-g0e03f6a (console) character file.

63 MrRokkomies the Insei (level 4, -3/23 HPs)
             Began as a Vine Stalker Transmuter on Apr 11, 2015.
             Killed by divine providence
             ... invoked by an orc priest
              (11 damage)
             ... on level 3 of the Dungeon.
             The game lasted 00:04:24 (1530 turns).

MrRokkomies the Insei (Vine Stalker Transmuter)     Turns: 1530, Time: 00:04:24

Health: -3/23      AC:  3    Str: 13    XL:     4   Next: 9%
Magic:  0/8        EV: 12    Int: 14    God:
Gold:   33         SH:  0    Dex: 14    Spells: 3 memorised, 1 level left

rFire  . . .     SeeInvis .       - Unarmed
rCold  . . .     Clarity  .     c - +0 robe
rNeg   . . .     SustAb   .     (no shield)
rPois  .         Gourm    .     (no helmet)
rElec  .         Spirit   +     (no cloak)
rCorr  .         Warding  .     (no gloves)
rMut   .         Stasis   .     (no boots)
MR     .....                    (no amulet)
Stlth  +.........               (no ring)
                                l - ring of flight

@: about to teleport, very slightly contaminated, not resistant to hostile
enchantments, very unstealthy
A: fangs 2, regeneration 1, shaggy fur 1, magic shield, antimagic bite, no
device heal 3, rot immunity
a: Evoke Flight


You were on level 3 of the Dungeon.
You were not hungry.

You visited 1 branch of the dungeon, and saw 3 of its levels.

You collected 33 gold pieces.

Inventory:

Missiles
 b - 12 arrows
 o - 30 stones (quivered)
Armour
 c - a +0 robe (worn)
Jewellery
 l - a ring of flight (left hand)
Scrolls
 g - a scroll of teleportation
 m - a scroll of amnesia
Potions
 e - a potion of flight {unknown}
 h - 4 potions of agility {unknown}
 n - a potion of might {unknown}
 q - a potion of poison {unknown}
 s - a potion of ambrosia {unknown}
Books
 d - a book of Changes

   Spells                             Type                      Level
   a - Beastly Appendage              Transmutation                1
   b - Sticks to Snakes               Transmutation                2
   c - Spider Form                    Transmutation/Poison         3
   d - Ice Form                       Ice/Transmutation            4
   e - Blade Hands                    Transmutation                5
Comestibles
 a - 3 bread rations
 f - a meat ration


   Skills:
 * Level 2.5 Fighting
 - Level 1.5 Dodging
 * Level 3.9 Unarmed Combat
 - Level 2.1 Spellcasting
 - Level 2.0 Transmutations


You had one spell level left.
You knew the following spells:

 Your Spells              Type           Power        Failure   Level  Hunger
a - Beastly Appendage     Trmt           #.....       12%         1    #......
b - Sticks to Snakes      Trmt           #.........   17%         2    ###....
c - Spider Form           Trmt/Pois      #.........   47%         3    ###....


Dungeon Overview and Level Annotations

Branches:
Dungeon (3/15)

Altars:
Gozag


Innate Abilities, Weirdness & Mutations

You have extremely sharp teeth.
Your natural rate of healing is unusually fast.
You are covered in fur (AC +1).
When hurt, damage is shared between your health and your magic reserves.
Your bite disrupts and absorbs the magic of your enemies.
Potions and wands cannot restore your health.
You are immune to rotting.


Message History

You climb downwards.
An orc comes into view. It is wielding a flail.
Found 12 gold pieces and a fizzy orange potion.
There is a stone staircase leading up here.
An orc and an orc priest come into view.
The orc shouts!
The orc priest shouts!
An orc priest comes into view. It is wielding a flail.
The orc priest shouts!
The orc shouts!
The orc closely misses you.
The orc priest invokes the aid of Beogh against you.
Something smites you!
You hit the orc but do no damage. The orc hits you with a flail!
You are too injured to fight recklessly!
You are too injured to fight recklessly!
Read which item? (? for menu, Esc to quit)
As you read the scroll of teleportation, it crumbles to dust.
You feel strangely unstable.
The orc priest invokes the aid of Beogh against you.
Something smites you!
You die...

##########
#........#
#....!...#
###.......$#
........<..#
###........########
........@.........
####.#...oo..###.#
#.#.....o.# #
#....o..#
#.........
######...... .....
.... ...


You could see 2 orc priests and 2 orcs.

Vanquished Creatures
  2 worms (D:2)
  A giant gecko (D:2)
  A ball python (D:1)
  2 giant cockroaches
  7 goblins
  10 hobgoblins
  10 kobolds
  4 bats (D:1)
  2 giant newts
  4 rats (D:1)
43 creatures vanquished.

Notes
Turn   | Place    | Note
--------------------------------------------------------------
     0 | D:1      | MrRokkomies, the Vine Stalker Transmuter, began the quest for the Orb.
     0 | D:1      | Reached XP level 1. HP: 9/9 MP: 4/4
    26 | D:1      | Reached skill level 1 in Fighting
    75 | D:1      | Reached XP level 2. HP: 9/14 MP: 4/6
   335 | D:1      | Reached XP level 3. HP: 18/18 MP: 7/7
   814 | D:2      | Learned a level 2 spell: Sticks to Snakes
   818 | D:2      | Learned a level 3 spell: Spider Form
  1411 | D:2      | Found an opulent altar of Gozag.
  1456 | D:2      | Reached XP level 4. HP: 12/23 MP: 8/8
  1530 | D:3      | Killed from afar by an orc priest

Action                   |  1- 3 |  4- 6 || total
-------------------------+-------+-------++-------
Melee: Unarmed           |   143 |     4 ||   147
 Cast: Beastly Appendage |     2 |       ||     2
       Spider Form       |     1 |       ||     1
  Use: Scroll            |     1 |     8 ||     9
  Eat: Chunk             |     2 |       ||     2
